 Dungeon Crawl Stone Soup version 0.31-a0-232-gb1c03b2570 (webtiles) character file.

Game seed: 17765181445523076455

86 qw the Shooter (level 4, -5/26 HPs)
             Began as a Gargoyle Hexslinger on July 7, 2023.
             Slain by Terence
             ... wielding a +1 heavy hand axe
              (8 damage)
             ... on level 3 of the Dungeon.
             The game lasted 00:00:37 (1400 turns).

qw the Shooter (Gargoyle Hexslinger)                Turns: 1400, Time: 00:00:37

Health: -5/26      AC:  8    Str: 11    XL:     4   Next: 49%
Magic:  5/5        EV: 10    Int: 14    God:
Gold:   99         SH:  0    Dex: 14    Spells: 4/5 levels left

rFire   . . .        Y - +2 sling
rCold   . . .        (no shield)
rNeg    + . .        g - +0 ring mail
rPois   inf          (no helmet)
rElec   +            (no cloak)
rCorr   .            (no gloves)
SInv    .            (no boots)
Will    .....        j - amulet of faith
Stlth   +            (no ring)
HPRegen 0.24/turn    (no ring)
MPRegen 0.09/turn

%: faith
@: no status effects
A: sickness immunity, AC +3, negative energy resistance 1, electricity
resistance, torment resistance 1, petrification resistance, mutation resistance
1, MP-powered wands
a: no special abilities


You were on level 3 of the Dungeon.
You visited 1 branch of the dungeon, and saw 3 of its levels.

You collected 99 gold pieces.


Innate Abilities, Weirdness & Mutations

You are immune to sickness and miasma.
Your stone body is resilient. (AC +3)
You are immune to poison.
You resist negative energy. (rN+)
You are resistant to electric shocks. (rElec)
You are resistant to unholy torment.
You are immune to petrification.
You are somewhat resistant to further mutation.
You expend magic power (3 MP) to strengthen your wands.


   Skills:
 - Level 2.0 Fighting
 + Level 4.1 Ranged Weapons
 - Level 1.0 Armour
 - Level 1.5 Dodging
 - Level 1.0 Spellcasting
 - Level 2.6 Hexes


You had 4 spell levels left.
You knew the following spells:

 Your Spells              Type           Power      Damage    Failure   Level
a - Slow                  Hex            32%        N/A       21%         1

Your spell library contained the following spells:

 Spells                   Type           Power      Damage    Failure   Level
 Inner Flame              Hex/Fire       4%         N/A       71%         3
 Portal Projectile        Hex/Tloc       8%         N/A       71%         3
 Cause Fear               Hex            4%         N/A       90%         4

Inventory:

Hand Weapons
 Y - a +2 sling (weapon)
Armour
 g - a +0 ring mail (worn)
Jewellery
 j - an amulet of faith (around neck)
Scrolls
 l - a scroll of identify
Potions
 a - a potion of brilliance {unknown}
 c - a potion of curing {unknown}
 d - a potion of mutation
 f - a potion of invisibility {unknown}

Dungeon Overview and Level Annotations

Branches:
Dungeon (3/15)

Altars:
Makhleb
Sif Muna

Annotations:
D:3 Terence


Message History

Terence barely misses you.
You shoot a sling bullet.
The sling bullet hits Terence but does no damage.
Terence is heavily wounded.
Terence hits you with a +1 heavy hand axe!
Ouch! That really hurt!
You shoot a sling bullet.
The sling bullet hits Terence but does no damage.
Terence is heavily wounded.
Terence barely misses you.
You shoot a sling bullet.
The sling bullet hits Terence but does no damage.
Terence is heavily wounded.
Terence hits you but does no damage.
You shoot a sling bullet.
The sling bullet hits Terence but does no damage.
Terence is heavily wounded.
Terence hits you with a +1 heavy hand axe.
You shoot a sling bullet. The sling bullet barely misses Terence.
You shoot a sling bullet.
The sling bullet closely misses Terence.
Terence hits you with a +1 heavy hand axe.
You shoot a sling bullet. The sling bullet hits Terence.
Terence is severely wounded.
Terence closely misses you.
You shoot a sling bullet.
The sling bullet hits Terence but does no damage.
Terence is severely wounded.
Terence hits you with a +1 heavy hand axe.
You shoot a sling bullet.
The sling bullet hits Terence but does no damage.
Terence is severely wounded.
Terence barely misses you.
You shoot a sling bullet.
The sling bullet closely misses Terence.
Terence closely misses you.
You shoot a sling bullet.
The sling bullet closely misses Terence.
Terence hits you with a +1 heavy hand axe!
You die...

####################
##..?...............#
###...###############.#
#...#.................#
#.#...#######.######...
# ##.## ##%# #.#.## #..
#.###@# ##. #.#
##@..._.. #. #^ B#.....
#. # .# ...8 #. .. ...
.. ## .. .. _ ..


You could see Terence and a giant cockroach.

Vanquished Creatures
  A jelly (D:2)
  An adder (D:2)
  2 worms
  A dart slug (D:2)
  3 ball pythons
  3 endoplasms (D:1)
  A giant cockroach (D:3)
  2 goblins (D:1)
  2 hobgoblins
  4 jackals (D:1)
  3 kobolds
  3 quokkas
  2 bats
  4 frilled lizards
  5 rats
37 creatures vanquished.

Notes
Turn   | Place    | Note
-------+----------+-------------------------------------------
     0 | D:1      | qw the Gargoyle Hexslinger began the quest for the Orb.
     0 | D:1      | Reached XP level 1. HP: 12/12 MP: 2/2
     0 | D:1      | 0 ||| qw: Version: 0.3-a-46-gb1f654a
     0 | D:1      | 0 ||| qw: Game counter: 2166
     0 | D:1      | 0 ||| qw: Melee chars always use a shield: true
     0 | D:1      | 0 ||| qw: God list: Okawaru
     0 | D:1      | 0 ||| qw: Allow faded altars: false
     0 | D:1      | 0 ||| qw: Do Orc after clearing Dungeon:15 true
     0 | D:1      | 0 ||| qw: Do second Lair branch before Depths: true
     0 | D:1      | 0 ||| qw: Lair rune preference: random
     0 | D:1      | 0 ||| qw: Goals: Normal
     0 | D:1      | 0 ||| PLANNING D:1-11
    88 | D:1      | Reached XP level 2. HP: 16/16 MP: 3/3
   157 | D:1      | Reached skill level 3 in Ranged Weapons
   409 | D:1      | Reached XP level 3. HP: 21/21 MP: 4/4
   535 | D:1      | 535 ||| UPGRADING to +0 ring mail.
   545 | D:1      | 545 ||| DROPPING +0 robe.
   546 | D:1      | 546 ||| READING scroll labelled FUNAXK DIEVASO.
   547 | D:1      | 547 ||| DRINKING 2 smoky inky potions.
   547 | D:1      | Gained mutation: You are somewhat resistant to further
                  | mutation. [potion of mutation]
   547 | D:1      | Gained mutation: You expend magic power (3 MP) to
                  | strengthen your wands. [potion of mutation]
   548 | D:1      | 548 ||| DROPPING scroll of poison.
   594 | D:2      | Found a faded altar of an unknown god.
   690 | D:2      | Reached XP level 4. HP: 22/26 MP: 5/5
   902 | D:2      | Reached skill level 4 in Ranged Weapons
  1078 | D:2      | 1078 ||| UPGRADING to amulet of faith.
  1083 | D:2      | 1083 ||| READING scroll labelled PYECAN CARYTRO.
  1084 | D:2      | 1084 ||| READING scroll labelled FUITZO YMYITH.
  1085 | D:2      | 1085 ||| READING scroll labelled VAWU BU XEME.
  1086 | D:2      | 1086 ||| READING scroll labelled ROITWA GIKH.
  1089 | D:2      | 1089 ||| READING scroll labelled TUNYXE TADOTE.
  1090 | D:2      | 1090 ||| READING scroll labelled UREMEJ IXOMUIQ.
  1191 | D:2      | 1191 ||| READING 2 scrolls labelled ICKOGI BIPEEHO.
  1240 | D:3      | 1240 ||| STAIRDANCE
  1281 | D:3      | Reached skill level 1 in Armour
  1379 | D:3      | Found a burning altar of Makhleb.
  1379 | D:3      | Found a shimmering blue altar of Sif Muna.
  1379 | D:3      | Noticed Terence
  1397 | D:3      | HP: 2/26 [Terence/+1 heavy hand axe (5)]
  1400 | D:3      | Slain by Terence

Levels and vault maps discovered:
D:1:      nzn_arrival_crosshair, layout_basic, grunt_decor_cap
D:2:      layout_basic, shapermc_ecumenical_altar_starsandcircs
D:3:      layout_loops_ring, grunt_temple_overflow_open, jmf_multi_god_temple2,
          gammafunk_ghost_mausoleum, st_stairs_8, uniq_sigmund, uniq_terence,
          uniq_crazy_yiuf_cottage

Skill      XL: |  1  2  3  4 |
---------------+-------------+-----
Ranged Weapons | 3 4 |  4.1
Fighting       | 2 |  2.0
Armour         | 1 |  1.0
Dodging        | |  1.5
Spellcasting   | |  1.0
Hexes          | |  2.6

Action                     |  1- 3 |  4- 6 || total
---------------------------+-------+-------++-------
   Fire: Sling             |    70 |    70 ||   140
    Use: Scroll            |     1 |     7 ||     8
         Potion            |     1 |       ||     1
 Armour: Robe              |     2 |       ||     2
         Ring mail         |     4 |    14 ||    18
  Dodge: Dodged            |     6 |    25 ||    31

Table legend:
 A = Non-vault XP
 B = Vault XP
 C = Vault XP percentage of total XP
 D = Non-vault monster count
 E = Vault monster count
 F = Vault count percentage of total count
                 A         B        C        D         E       F
            +---------+---------+-------+---------+---------+-------
      Total |     123 |       0 |   0.0 |      37 |       0 |   0.0
            +---------+---------+-------+---------+---------+-------
        D:1 |      38 |       0 |   0.0 |      23 |       0 |   0.0
        D:2 |      75 |       0 |   0.0 |      10 |       0 |   0.0
        D:3 |      10 |       0 |   0.0 |       4 |       0 |   0.0
            +---------+---------+-------+---------+---------+-------
